 Dungeon Crawl Stone Soup version 0.29-a0-555-g3b24f45cc1 (webtiles) character file.

Game seed: 12073590682271491877

72 2FriedEggs the Insei (level 4, -3/28 HPs)
             Began as an Octopode Transmuter on June 7, 2022.
             Slain by an orc
             ... wielding a +0 hand axe
              (5 damage)
             ... on level 3 of the Dungeon.
             The game lasted 00:03:17 (2689 turns).

2FriedEggs the Insei (Octopode Transmuter)          Turns: 2689, Time: 00:03:17

Health: -3/28      AC:  2    Str:  9    XL:     4   Next: 26%
Magic:  1/7        EV: 19    Int: 17    God:
Gold:   124        SH:  0    Dex: 17    Spells: 3/7 levels left

rFire   . . .      SeeInvis .     - Unarmed
rCold   + . .      Faith    .   (shield currently unavailable)
rNeg    . . .      Spirit   .   (helmet currently unavailable)
rPois   x          Reflect  .   (no amulet)
rElec   .          Harm     .   d - ring of protection from cold
rCorr   .          Rampage  .   (no ring)
Will    .....                   (no ring)
Stlth   ++........              (no ring)
HPRegen 0.09/turn               (no ring)
MPRegen 0.10/turn               (no ring)
                                (no ring)
                                (no ring)

@: mighty, spider-form
A: venomous fangs, almost no armour, (amphibious), 8 rings, tiny, (camouflage
1), (gelatinous body 1), (nimble swimmer 1), (tentacles)
a: End Transformation


You were on level 3 of the Dungeon.
You were a venomous arachnid creature.
You visited 1 branch of the dungeon, and saw 3 of its levels.

You collected 124 gold pieces.

Inventory:

Hand Weapons
 b - a +2 short sword of flaming
 g - the +1 fustibalus of Tamayf (melded) {flame, Int+4 Dex+2}
   (You found it on level 2 of the Dungeon)

   Any ammunition fired from it burns those it strikes, dealing additional fire
   damage.
   Int:       It affects your intelligence (+4).
   Dex:       It affects your dexterity (+2).
Jewellery
 d - a ring of protection from cold (left front leg)
Wands
 i - a wand of flame (24)
Scrolls
 c - a scroll of teleportation {unknown}
 e - a scroll of fear {unknown}
 f - a scroll of fog {unknown}
Potions
 a - a potion of lignification
 h - a potion of might
 j - a potion of curing {unknown}


   Skills:
 + Level 1.5 Fighting
 - Level 2.0 Dodging
 - Level 1.1 Stealth
 - Level 3.7 Unarmed Combat
 - Level 2.0 Spellcasting
 * Level 3.0 Transmutations
 * Level 1.4 Poison Magic


You had 3 spell levels left.
You knew the following spells:

 Your Spells              Type           Power      Damage    Failure   Level
a - Beastly Appendage     Tmut           24%        N/A       16%         1
b - Spider Form           Tmut/Pois      9%         N/A       45%         3

Your spell library contained the following spells:

 Spells                   Type           Power      Damage    Failure   Level
 Wereblood                Tmut           12%        N/A       22%         2
 Ignite Poison            Fire/Tmut/Pois 6%         N/A       54%         3
 Conjure Flame            Conj/Fire      1%         6-21      71%         3
 Gell's Gravitas          Tloc           1%         N/A       71%         3
 Lesser Beckoning         Tloc           1%         N/A       71%         3
 Teleport Other           Tloc           1%         N/A       71%         3
 Ice Form                 Ice/Tmut       6%         N/A       87%         4
 Sticky Flame             Conj/Fire      1%         2d3       96%         4


Dungeon Overview and Level Annotations

Branches:
Dungeon (3/15)

Altars:
Fedhas


Innate Abilities, Weirdness & Mutations

You are a venomous arachnid creature.
You have poisonous fangs.
You are tiny and dextrous.
Your spellcasting is less reliable in this form.
Your armour is entirely melded.
You are incapable of wielding weapons or throwing items.
You cannot wear most types of armour.
((You are amphibious.))
You can wear up to eight rings at the same time.
((Your skin changes colour to match your surroundings (Stealth+).))
((Your rubbery body absorbs attacks. (AC +1, EV +1)))
((You are camouflaged when in or above water. (Stealth+)))
((You have tentacles for arms and can constrict up to eight enemies at once.))


Message History

The orc priest closely misses you. The orc completely misses you.
You barely miss the orc priest.
You hit the orc priest but do no damage.
The orc priest hits you with a +0 hand axe.
The orc closely misses you.
You hit the orc priest.
The orc priest is poisoned.
The orc priest is lightly wounded.
The orc priest hits you with a +0 hand axe!
The orc closely misses you.
You barely miss the orc priest.
The orc priest is moderately wounded.
The orc priest closely misses you. The orc hits you with a +0 hand axe.
* * * LOW HITPOINT WARNING * * *
You hit the orc priest.
The orc priest is severely wounded.
The orc priest barely misses you. The orc barely misses you.
You hit the orc priest but do no damage.
The orc priest is almost dead.
Your transformation has ended.
The +1 fustibalus of Tamayf {flame, Int+4 Dex+2} unmelds from your body.
The +1 fustibalus of Tamayf {flame, Int+4 Dex+2} bursts into flame!
The orc priest closely misses you. The orc misses you.
Casting: Spider Form (extremely dangerous; 22% risk of failure)
Confirm with . or Enter, or press ? or * to list all spells.
You turn into a venomous arachnid creature.
The +1 fustibalus of Tamayf {flame, Int+4 Dex+2} melds into your body.
The +1 fustibalus of Tamayf {flame, Int+4 Dex+2} stops flaming.
The orc priest closely misses you. The orc barely misses you.
Unknown command.
You hit the orc priest.
You kill the orc priest!
The orc hits you with a +0 hand axe.
* * * LOW HITPOINT WARNING * * *
Your Transmutations skill increases to level 3!
Your Poison Magic skill increases to level 1!
You have reached level 4!
It was a potion of might.
You feel very mighty all of a sudden. The orc hits you with a +0 hand axe.
You die...

## #+ #. #.###
#############. #).#)
.............. ...
..............
##.#o#########...#....
#...)s.!.....#.#.#.#..
#...##)......'.#.#....
#.. #.......###....#.
## #.......# ####.#.
#.......# #.#.
#.......# ###.#.
#?......# #<..#.
..######## #####. #.
#.


You could see an orc.

Vanquished Creatures
  An orc priest (D:3)
  3 orcs (D:3)
  2 endoplasms
  A giant cockroach (D:1)
  4 goblins
  6 hobgoblins
  4 jackals (D:1)
  2 quokkas
  2 ball pythons
  2 frilled lizards
  5 kobolds
  3 rats
  A spectral kobold (D:2)
36 creatures vanquished.

Notes
Turn   | Place    | Note
-------+----------+-------------------------------------------
     0 | D:1      | 2FriedEggs the Octopode Transmuter began the quest for the
                  | Orb.
     0 | D:1      | Reached XP level 1. HP: 13/13 MP: 3/3
   442 | D:1      | Reached XP level 2. HP: 7/18 MP: 1/5
   857 | D:1      | Reached skill level 1 in Stealth
  1376 | D:2      | Found a faded altar of an unknown god.
  1392 | D:2      | Reached XP level 3. HP: 21/23 MP: 6/6
  1770 | D:2      | Identified the +1 fustibalus of Tamayf {flame, Int+4 Dex+2}
  2112 | D:2      | Learned a level 3 spell: Spider Form
  2187 | D:2      | Found a blossoming altar of Fedhas.
  2688 | D:3      | HP: 1/23 [orc/+0 hand axe (4)]
  2689 | D:3      | Reached skill level 1 in Poison Magic
  2689 | D:3      | Reached XP level 4. HP: 2/28 MP: 1/7
  2689 | D:3      | Slain by an orc

Illustrated notes

Levels and vault maps discovered:
D:1:      roderic_chinese_lattice_arrival, layout_loops_cross, serial_rivers,
          chequers_serial_rivers_micro_d, chequers_serial_rivers_room_b,
          chequers_serial_rivers_marsh, chequers_serial_rivers_small_3
D:2:      layout_basic, dreamdust_ecumenical_altar_drowned_temple, basic_altar,
          minmay_indecisive_spiral
D:3:      cheibrodos_thug_alley, layout_basic, serial_shops,
          nicolae_shop_hallway_plus, uniq_terence

Skill      XL: |  1  2  3 |
---------------+----------+-----
Stealth        | 1 |  1.1
Transmutations | 3 |  3.0
Poison Magic   | 1 |  1.4
Fighting       | |  1.5
Dodging        | |  2.0
Unarmed Combat | |  3.7
Spellcasting   | |  2.0

Action                   |  1- 3 |  4- 6 || total
-------------------------+-------+-------++-------
Melee: Unarmed           |    42 |       ||    42
       Constrict         |     9 |       ||     9
       Kick              |     9 |       ||     9
       Tentacles         |     6 |       ||     6
       Short sword       |    14 |       ||    14
 Fire: Fustibalus        |    15 |       ||    15
 Cast: Beastly Appendage |    13 |       ||    13
       Spider Form       |     4 |       ||     4
  Use: Potion            |       |     1 ||     1
 Stab: Sleeping          |     6 |       ||     6
Armor: Skin              |     2 |       ||     2
Dodge: Dodged            |    46 |       ||    46

Table legend: (Time is in decaauts)
 A = Elapsed time spent in this place.
 B = Non-inter-level travel time spent in this place.
 C = Inter-level travel time spent in this place.
 D = Time resting spent in this place.
 E = Time spent auto-exploring this place.
 F = Levels seen in this place.
 G = Mean time per level.
                   A        B        C        D        E       F      G
               +--------+--------+--------+--------+--------+-----+--------+
         Total |   2694 |   2645 |     49 |    727 |   1626 |   3 |  898.0 |
       Dungeon |   2694 |   2645 |     49 |    727 |   1626 |   3 |  898.0 |
               +--------+--------+--------+--------+--------+-----+--------+

Top non-repeatable levels by time:
     D:2: 1316 daAuts
     D:1: 1243 daAuts
     D:3: 135 daAuts
